 Dungeon Crawl Stone Soup version 0.26-a0-812-g31a745ddcd (webtiles) character file.

Game seed: 16629341266353265333

29530 Arthanis the Cleaver (level 13, -13/130 HPs)
             Began as a Gargoyle Berserker on Nov 24, 2020.
             Was the Champion of Trog.
             Mangled by a red ugly thing (14 damage)
             ... on level 13 of the Dungeon.
             The game lasted 00:18:09 (13812 turns).

Arthanis the Cleaver (Gargoyle Berserker)          Turns: 13812, Time: 00:18:09

Health: -13/130    AC: 26    Str: 21    XL:     13   Next: 45%
Magic:  0/22       EV:  8    Int: 13    God:    Trog [******]
Gold:   65         SH:  0    Dex:  9    Spells: 12/12 levels left

rFire    . . .     SeeInvis .   R - +0 war axe (vamp)
rCold    . . .     Faith    .   (no shield)
rNeg     + + .     Spirit   +   D - +0 plate armour
rPois    ∞         Reflect  .   N - +1 hat {MR+}
rElec    +         Harm     .   z - +0 cloak
rCorr    .         Rampage  .   (no gloves)
MR       +++..                  (no boots)
Stlth    ..........             Q - amulet of guardian spirit
HPRegen  1.31/turn              A - ring of magical power
MPRegen  0.18/turn              T - ring of positive energy

@: berserking, regenerating, very quick
A: negative energy resistance 1, electricity resistance, unbreathing,
petrification resistance, rot immunity, AC +9
a: Berserk, Trog's Hand, Brothers in Arms, Renounce Religion


You were on level 13 of the Dungeon.
You worshipped Trog.
Trog was exalted by your worship.
You visited 1 branch of the dungeon, and saw 13 of its levels.

You collected 785 gold pieces.
You spent 720 gold pieces at shops.

Inventory:

Hand Weapons
 a - a +4 battleaxe of flaming
 o - a +0 spear
 s - a +4 hand axe
 M - a +0 whip of flaming
 R - a +0 vampiric war axe (weapon)
 U - the +5 battleaxe "Xoeha" {vorpal, rN++}
   (Trog gifted it to you on level 11 of the Dungeon)

   It inflicts extra damage upon your enemies.
   It greatly protects you from negative energy.
Armour
 b - a +0 scale mail of fire resistance
 n - a scarf of harm
 z - a +0 cloak (worn)
 D - a +0 plate armour (worn)
 N - a +1 hat of magic resistance (worn)
Jewellery
 j - an uncursed ring of fire
 A - a ring of magical power (left hand)
 Q - an amulet of guardian spirit (around neck)
 T - a ring of positive energy (right hand)
 X - an uncursed ring of protection from magic
 Z - an uncursed ring of protection from cold {unknown}
Wands
 m - a wand of digging (13)
 B - a wand of iceblast (15)
 E - a wand of enslavement (8)
 H - a wand of paralysis (9)
 J - a wand of flame (18)
 W - a wand of disintegration (2)
Scrolls
 c - 15 scrolls of teleportation
 g - 4 scrolls of enchant armour
 h - 5 scrolls of amnesia
 i - 5 scrolls of blinking
 l - 3 scrolls of fear
 t - 3 scrolls of fog
 u - 2 scrolls of identify
 I - 3 scrolls of remove curse
 K - 2 scrolls of noise
 L - 4 scrolls of magic mapping
 P - a scroll of random uselessness {unknown}
 S - a scroll of immolation
Potions
 d - a potion of resistance {unknown}
 e - 2 potions of brilliance {unknown}
 f - 9 potions of curing
 k - 2 potions of mutation {unknown}
 p - 3 potions of flight {unknown}
 q - 2 potions of haste
 r - 2 potions of magic {unknown}
 v - 2 potions of ambrosia {unknown}
 w - 3 potions of invisibility
 C - 2 potions of degeneration
 G - 4 potions of cancellation {unknown}
 V - 4 potions of heal wounds
 Y - 4 potions of lignification
Miscellaneous
 O - a lightning rod (4/4)


   Skills:
 + Level 12.6 Fighting
 * Level 14.4 Axes
 + Level 9.2 Armour
 + Level 4.0 Dodging
 + Level 5.6 Evocations


You had 12 spell levels left.
You didn't know any spells.
Your spell library contained the following spells:

 Spells                   Type           Power        Failure   Level
 Animate Skeleton         Necr           #.....       99%         1
 Apportation              Tloc           #.....       99%         1
 Beastly Appendage        Tmut           #.....       99%         1
 Corona                   Hex            #......      99%         1
 Sandblast                Erth           #.....       99%         1
 Ensorcelled Hibernation  Hex/Ice        #.....       100%        2
 Passwall                 Tmut/Erth      #.......     100%        2
 Poisonous Vapours        Pois/Air       #.....       100%        2
 Wereblood                Tmut           #.......     100%        2
 Confusing Touch          Hex            #.......     100%        3
 Conjure Flame            Conj/Fire      #.......     100%        3
 Dazzling Flash           Conj/Hex       #.....       100%        3
 Lesser Beckoning         Tloc           #.........   100%        3
 Mephitic Cloud           Conj/Pois/Air  #.......     100%        3
 Spider Form              Tmut/Pois      #.........   100%        3
 Stone Arrow              Conj/Erth      #.....       100%        3
 Tukima's Dance           Hex            #.......     100%        3
 Ice Form                 Ice/Tmut       #.......     100%        4
 Petrify                  Tmut/Erth      #.......     100%        4
 Alistair's Intoxication  Tmut/Pois      #........    100%        5
 Blade Hands              Tmut           #.........   100%        5
 Lee's Rapid Deconstruct  Erth           #.........   100%        5
 Freezing Cloud           Conj/Ice/Air   #.........   100%        6
 Invisibility             Hex            #.......     100%        6


Dungeon Overview and Level Annotations

Branches:
Dungeon (13/15)            Temple (0/1) D:7            Lair (0/6) D:10
    Orc (0/2) D:12         Vaults (0/5) D:13

Altars:
Cheibriados
Dithmenos
Elyvilon
Fedhas
Gozag
Kikubaaqudgha
Makhleb
Okawaru
Qazlal
Ru
Sif Muna
Trog
Uskayaw
Vehumet
Xom
Zin
The Shining One
Lugonu

Shops:
D:9 ?   D:12 !   D:13 *

Annotations:
D:9 1 runed translucent door, kae's ghost, novice TeTm
D:13 3 runed translucent doors, Lanoc's ghost, journeyman GnCj; Nessos; Rupert; Urug


Innate Abilities, Weirdness & Mutations

You are resistant to torment.
Your stone body is resilient. (AC +9)
You are immune to poison.
You resist negative energy. (rN+)
You are resistant to electric shocks. (rElec)
You can survive without breathing.
You are immune to petrification.
You are immune to rotting.


Message History

You hit Rupert. You miss the human. The human completely misses you.
The red ugly thing tentacle-slaps you but does no damage.
Rupert hits you with a +1 great mace of holy wrath!
* * * LOW HITPOINT WARNING * * *
You slash Rupert!
You feel better.
Rupert is moderately wounded.
You hit the red ugly thing. You slash the human!
You kill the human!
Trog accepts your kill.
Nessos blinks!
You hit Rupert.
Rupert is moderately wounded.
You hit something.
You feel better.
You hit the red ugly thing.
You feel better.
Something hits you but does no damage. x2
Rupert hits you with a +1 great mace of holy wrath!!
* * * LOW HITPOINT WARNING * * *
The red ugly thing tentacle-slaps you.
* * * LOW HITPOINT WARNING * * *
You are engulfed in flames!
You die...

# ..# #)#
# #.# #
#†# # #.#
# #.# #
######=# #
#....††# #
#.#.#### #
#@†# #
......u@.#
#
.....§po.#
.........#
..c......#
..<>.....#
..∩<.....#
.........#


You could see Rupert (berserk), Nessos (fast), Urug, a red ugly thing and a
human.

Vanquished Creatures
  Gastronok (D:8)
  A tengu reaver (D:12)
  A war gargoyle (D:12)
  Harold (D:11)
  2 boulder beetles
  A hydra (D:11)
  4 two-headed ogres
  A tengu warrior (D:12)
  Pikel (D:8)
  A wolf spider zombie (D:12)
  2 manticores (D:12)
  A cyclops (D:13)
  Maurice (D:12)
  3 kobold demonologists (D:10)
  4 komodo dragons
  A troll (D:12)
  2 hornets (D:12)
  7 slime creatures (D:12)
  Grinder (D:6)
  Prince Ribbit (D:6)
  A water elemental (D:11)
  A shadow (D:12)
  Sigmund (D:3)
  A vampire (D:9)
  5 yaks (D:12)
  Grum (D:10)
  A basilisk (D:12)
  14 humans (D:13)
  5 vampire mosquitoes
  19 water moccasins
  An acid dragon (D:12)
  9 orc warriors
  2 phantoms
  2 ice beasts
  A sky beast (D:13)
  4 black bears
  5 ogres
  2 wolves (D:10)
  An eye of draining (D:13)
  11 centaurs
  A big kobold (D:12)
  3 lemures (D:8)
  8 bullfrogs
  A water moccasin zombie (D:9)
  A scorpion (D:10)
  A wyvern skeleton (D:12)
  3 killer bees (D:12)
  4 wights (D:6)
  7 howler monkeys
  A quasit (D:9)
  A centaur zombie (D:12)
  5 hounds
  2 jellies
  11 orc wizards
  4 centaur skeletons
  Crazy Yiuf (D:3)
  4 orc priests
  11 worker ants
  2 hound skeletons
  A howler monkey zombie (D:8)
  Robin (D:3)
  29 adders
  3 gnolls (D:3)
  7 shadow imps
  2 white imps
  An ufetubus (D:6)
  An ooze (D:3)
  3 adder skeletons
  4 worms
  2 dart slugs
  7 leopard geckos
  43 orcs
  4 ball pythons
  7 bats
  2 giant cockroaches
  21 goblins
  11 hobgoblins
  8 jackals
  21 kobolds
  7 quokkas
  4 frilled lizards
  A jackal skeleton (D:8)
  A leopard gecko skeleton (D:4)
  6 rats
392 creatures vanquished.

Vanquished Creatures (others)
  2 demonic plants (D:10)
  30 fungi (D:10)
  31 plants (D:10)
63 creatures vanquished.

Grand Total: 455 creatures vanquished

Notes
Turn   | Place    | Note
-------+----------+-------------------------------------------
     0 | D:1      | Arthanis the Gargoyle Berserker began the quest for the
                  | Orb.
     0 | D:1      | Reached XP level 1. HP: 14/14 MP: 1/1
   208 | D:1      | Reached XP level 2. HP: 19/19 MP: 2/2
   279 | D:1      | Reached skill level 3 in Axes
   714 | D:1      | Reached XP level 3. HP: 21/23 MP: 3/3
  1546 | D:2      | Reached XP level 4. HP: 28/29 MP: 4/4
  1592 | D:2      | Reached ** piety under Trog
  1836 | D:2      | Found a bloodstained altar of Trog.
  1882 | D:2      | Found a glowing golden altar of the Shining One.
  2613 | D:3      | Found a white marble altar of Elyvilon.
  2659 | D:3      | Noticed Robin
  2663 | D:3      | Reached XP level 5. HP: 33/33 MP: 5/5
  2669 | D:3      | Reached skill level 4 in Axes
  2678 | D:3      | Killed Robin
  2810 | D:3      | Found an ancient bone altar of Kikubaaqudgha.
  2821 | D:3      | Found a shimmering blue altar of Sif Muna.
  2822 | D:3      | Found a radiant altar of Vehumet.
  2824 | D:3      | Identified Kikubaaqudgha's Volume of Necromancy
  2857 | D:3      | Found a runed translucent door.
  2858 | D:3      | Noticed Crazy Yiuf
  2962 | D:3      | Noticed Sigmund
  2987 | D:3      | Killed Sigmund
  2987 | D:3      | Reached XP level 6. HP: 39/39 MP: 6/6
  3041 | D:3      | Found an iron altar of Okawaru.
  3170 | D:3      | Reached *** piety under Trog
  3424 | D:3      | Killed Crazy Yiuf
  3424 | D:3      | Reached skill level 5 in Axes
  3511 | D:4      | Found a glowing silver altar of Zin.
  3874 | D:4      | Got a polished trident
  3875 | D:4      | Identified the cursed +3 trident "Orb Guardian's Peril"
                  | {vorpal, Fragile rElec Str+2 SInv} (You found it on level 4
                  | of the Dungeon)
  4006 | D:4      | Reached skill level 5 in Fighting
  4057 | D:4      | Reached XP level 7. HP: 42/44 MP: 7/7
  4316 | D:4      | Found a burning altar of Makhleb.
  4491 | D:5      | Entered Level 5 of the Dungeon
  4660 | D:5      | Found a stormy altar of Qazlal.
  4675 | D:5      | Found a sacrificial altar of Ru.
  4872 | D:5      | Found a shadowy altar of Dithmenos.
  5026 | D:5      | Found a hide-covered altar of Uskayaw.
  5437 | D:6      | Noticed Grinder
  5445 | D:6      | Paralysed by Grinder for 5 turns
  5454 | D:6      | Killed Grinder
  5454 | D:6      | Reached skill level 6 in Axes
  5454 | D:6      | Reached skill level 5 in Armour
  5454 | D:6      | Reached XP level 8. HP: 51/51 MP: 8/8
  5809 | D:6      | Noticed Prince Ribbit
  5837 | D:6      | Reached skill level 7 in Axes
  5868 | D:6      | Reached **** piety under Trog
  5876 | D:6      | Killed Prince Ribbit
  6193 | D:6      | Reached XP level 9. HP: 25/57 MP: 9/9
  6665 | D:6      | Found a blossoming altar of Fedhas.
  6737 | D:7      | Reached skill level 8 in Axes
  6854 | D:7      | Noticed a two-headed ogre
  6868 | D:7      | Killed a two-headed ogre
  6868 | D:7      | Reached skill level 1 in Evocations
  7160 | D:7      | Found an opulent altar of Gozag.
  7168 | D:7      | Reached skill level 9 in Axes
  7207 | D:7      | Found a snail-covered altar of Cheibriados.
  7261 | D:7      | Found a staircase to the Ecumenical Temple.
  7483 | D:8      | Found a burning altar of Makhleb.
  7529 | D:8      | Noticed Pikel
  7548 | D:8      | Killed Pikel
  7548 | D:8      | Reached XP level 10. HP: 64/64 MP: 10/10
  7812 | D:8      | Noticed Gastronok
  7834 | D:8      | Killed Gastronok
  7834 | D:8      | Reached skill level 10 in Axes
  8085 | D:9      | Noticed a two-headed ogre
  8101 | D:9      | Killed a two-headed ogre
  8215 | D:9      | Reached ***** piety under Trog
  8378 | D:9      | Found a shimmering altar of Xom.
  8750 | D:9      | Noticed a two-headed ogre
  8759 | D:9      | Killed a two-headed ogre
  8759 | D:9      | Reached XP level 11. HP: 71/71 MP: 11/11
  8818 | D:9      | Reached skill level 11 in Axes
  8976 | D:9      | Found Vehimuff's Magic Scroll Emporium.
  8983 | D:9      | Bought a scroll of teleportation for 36 gold pieces
  8983 | D:9      | Bought a scroll of identify for 24 gold pieces
  8983 | D:9      | Bought a scroll of teleportation for 36 gold pieces
  8983 | D:9      | Bought a scroll of teleportation for 36 gold pieces
  8983 | D:9      | Bought a scroll of immolation for 42 gold pieces
  8983 | D:9      | Bought a scroll of teleportation for 36 gold pieces
  8983 | D:9      | Bought a scroll of teleportation for 36 gold pieces
  8983 | D:9      | Bought a scroll of blinking for 90 gold pieces
  8983 | D:9      | Bought a scroll of magic mapping for 42 gold pieces
  8983 | D:9      | Bought a scroll of magic mapping for 42 gold pieces
  9065 | D:9      | Found a runed translucent door.
  9065 | D:9      | Noticed kae's ghost (novice TeTm)
  9493 | D:10     | Entered Level 10 of the Dungeon
  9584 | D:10     | Reached skill level 10 in Fighting
  9659 | D:10     | Noticed Grum
  9677 | D:10     | Killed Grum
  9694 | D:10     | Found a staircase to the Lair.
 10182 | D:10     | Found a corrupted altar of Lugonu.
 10183 | D:10     | Noticed a sixfirhy
 10659 | D:11     | Reached skill level 12 in Axes
 10741 | D:11     | Received a gift from Trog
 10752 | D:11     | Got a slimy battleaxe {god gift}
 10781 | D:11     | Identified the +5 battleaxe "Xoeha" {vorpal, rN++} (Trog
                  | gifted it to you on level 11 of the Dungeon)
 11032 | D:11     | Noticed a four-headed hydra
 11054 | D:11     | Killed a one-headed hydra
 11223 | D:11     | Noticed a two-headed ogre
 11232 | D:11     | Killed a two-headed ogre
 11232 | D:11     | Reached XP level 12. HP: 40/80 MP: 4/12
 11330 | D:11     | Noticed a boulder beetle
 11352 | D:11     | Killed a boulder beetle
 11352 | D:11     | Reached skill level 13 in Axes
 11424 | D:11     | Noticed Harold
 11438 | D:11     | Killed Harold
 11927 | D:12     | Found a staircase to the Orcish Mines.
 11955 | D:12     | Noticed Maurice
 11963 | D:12     | Found a glowing golden altar of the Shining One.
 11963 | D:12     | Found a snail-covered altar of Cheibriados.
 11963 | D:12     | Noticed a tengu warrior
 11963 | D:12     | Noticed a tengu reaver
 11963 | D:12     | Noticed a war gargoyle
 11989 | D:12     | Killed a tengu warrior
 12139 | D:12     | Killed a war gargoyle
 12176 | D:12     | Killed Maurice
 12453 | D:12     | Reached skill level 14 in Axes
 12517 | D:12     | Killed a tengu reaver
 12517 | D:12     | Reached skill level 5 in Evocations
 12517 | D:12     | Reached XP level 13. HP: 87/87 MP: 6/13
 13042 | D:12     | Found Adoxt's Distillery.
 13048 | D:12     | Bought a potion of degeneration for 12 gold pieces
 13048 | D:12     | Bought a potion of heal wounds for 60 gold pieces
 13048 | D:12     | Bought 2 potions of lignification for 72 gold pieces
 13048 | D:12     | Bought a potion of heal wounds for 60 gold pieces
 13048 | D:12     | Bought a potion of curing for 36 gold pieces
 13048 | D:12     | Bought a potion of heal wounds for 60 gold pieces
 13470 | D:13     | Found a runed translucent gate.
 13476 | D:13     | Found a runed translucent gate.
 13476 | D:13     | Found an opulent altar of Gozag.
 13476 | D:13     | Found a runed translucent gate.
 13478 | D:13     | Noticed a tengu reaver
 13479 | D:13     | Noticed Lanoc's ghost (journeyman GnCj)
 13480 | D:13     | Found Ucwi's Assorted Antiques.
 13527 | D:13     | Reached ****** piety under Trog
 13732 | D:13     | Received a gift from Trog
 13781 | D:13     | Found a gate to the Vaults.
 13782 | D:13     | Noticed Rupert
 13789 | D:13     | Noticed Urug
 13802 | D:13     | Noticed Nessos
 13812 | D:13     | HP: 6/130 [Rupert/+1 great mace of holy wrath (21)]
 13812 | D:13     | HP: 1/130 [red ugly thing (5)]
 13812 | D:13     | Mangled by a red ugly thing

Illustrated notes

Levels and vault maps discovered:
D:1:      kennysheep_arrival_forest, layout_basic, serial_forest,
          infiniplex_forest_clump_medium, infiniplex_forest_straight_4,
          infiniplex_forest_end_double, infiniplex_forest_zigzag_1,
          infiniplex_forest_end_1, infiniplex_forest_straight_2,
          infiniplex_forest_clump_tiny, bh_walls_and_bars
D:2:      layout_loops_cross, nicolae_overflow_hidden_temple,
          lemuel_doored_altar, minmay_hexomino_c4
D:3:      layout_basic, grunt_temple_overflow_magic_moments, lemuel_round_altar,
          marbit_many_paths, uniq_crazy_yiuf_cottage, uniq_robin, uniq_sigmund
D:4:      layout_layer_cave, kennysheep_mini_moat, overflow_temple_1_default,
          minmay_pentomino_pile
D:5:      layout_rooms, nicolae_ru_great_annihilating_truth,
          lemuel_coloured_pillars_altar, nicolae_dithmenos_the_darkroom,
          grunt_qazlal_clouds, grunt_ministairs_12
D:6:      layout_gridville, st_stairs_6, fedhas_altar_fruit_tree,
          uniq_prince_ribbit1, uniq_grinder
D:7:      layout_rooms, lemuel_round_altar, cheibriados_altar_1,
          minmay_temple_entry_glassed_door
D:8:      layout_basic, minivault_19, bloody_makhleb, uniq_pikel, uniq_gastronok
D:9:      layout_basic, tgw_xom, serial_shops, shop_scrolls,
          ebering_ghost_inner_flame, hangedman_glass_teeth, grunt_ministairs_14,
          minivault_25_ag, glass_columns_c, eino_curves_01
D:10:     kennysheep_kobold_lugonu_temple, layout_long_grid,
          due_lair_maze_entry_diamond, serial_glass, glass_columns_a,
          glass_columns_a, glass_columns_a, glass_columns_b, uniq_grum
D:11:     lemuel_reptile_caves, layout_basic, uniq_harold
D:12:     layout_cross, orc_0_dummy, serial_shops, kennysheep_mini,
          nicolae_benzene_ring, jmf_multi_god_temple, uniq_maurice
D:13:     layout_loops_ring, david_vaults_3, ebering_ghost_gozag, special_room
          [special_room_bee]

Skill      XL: |  1  2  3  4  5  6  7  8  9 10 11 12 13 |
---------------+----------------------------------------+-----
Axes           | 3 4 5 6 7 9 10 12 14 | 14.4
Dodging        | 2 3 4 |  4.0
Armour         | 3 4 5 6 8 9 |  9.2
Fighting       | 4 5 7 8 9 11 12 | 12.6
Evocations     | 2 4 5 |  5.6

Action                   |  1- 3 |  4- 6 |  7- 9 | 10-12 | 13-15 || total
-------------------------+-------+-------+-------+-------+-------++-------
Melee: Hand axe          |    98 |   159 |   150 |   158 |       ||   565
       Trident           |       |    15 |   121 |       |       ||   136
       War axe           |       |       |       |   637 |   253 ||   890
       Scythe            |       |       |       |     7 |       ||     7
Invok: Berserk           |       |     6 |     6 |    19 |     1 ||    32
       Trog's Hand       |       |     1 |     1 |     5 |     1 ||     8
Evoke: Wand              |       |       |     1 |     7 |       ||     8
       Lightning rod     |       |       |       |     1 |       ||     1
  Use: Scroll            |       |     6 |     1 |     7 |       ||    14
 Stab: Sleeping          |     1 |       |       |       |       ||     1
       Paralysed         |       |       |     4 |     1 |       ||     5
Armor: Animal skin       |    35 |     6 |       |       |       ||    41
       Chain mail        |       |    85 |   134 |       |       ||   219
       Plate armour      |       |       |    61 |   747 |   166 ||   974
Dodge: Dodged            |    62 |    84 |   119 |   333 |    86 ||   684

Table legend: (Time is in decaauts)
 A = Elapsed time spent in this place.
 B = Non-inter-level travel time spent in this place.
 C = Inter-level travel time spent in this place.
 D = Time resting spent in this place.
 E = Time spent auto-exploring this place.
 F = Levels seen in this place.
 G = Mean time per level.
                   A        B        C        D        E       F      G
               +--------+--------+--------+--------+--------+-----+--------+
         Total |  13965 |  13481 |    484 |     30 |  10823 |  13 | 1074.2 |
       Dungeon |  13965 |  13481 |    484 |     30 |  10823 |  13 | 1074.2 |
               +--------+--------+--------+--------+--------+-----+--------+

Top non-repeatable levels by time:
     D:6: 1557 daAuts
     D:9: 1457 daAuts
    D:11: 1373 daAuts
    D:12: 1358 daAuts
     D:3: 1326 daAuts
     D:1: 1278 daAuts
     D:4: 1022 daAuts
    D:10: 950 daAuts
     D:2: 943 daAuts
     D:5: 720 daAuts
     D:8: 709 daAuts
     D:7: 640 daAuts
    D:13: 625 daAuts
